 Dungeon Crawl Stone Soup version 0.20.0-4-g10b340a (webtiles) character file.

226 grisnicke the Cudgeler (level 6, -5/52 HPs)
             Began as a Hill Orc Air Elementalist on May 27, 2017.
             Was an Initiate of Beogh.
             Slain by an ogre
             ... wielding a +0 giant club
              (12 damage)
             ... on level 4 of the Dungeon.
             The game lasted 00:16:08 (4431 turns).

grisnicke the Cudgeler (Hill Orc Air Elementalist)  Turns: 4431, Time: 00:16:10

Health: -5/52      AC:  9    Str: 13    XL:     6   Next: 1%
Magic:  8/8        EV:  6    Int: 15    God:    Beogh [......]
Gold:   133        SH:  0    Dex: 11    Spells: 7/8 levels left

rFire    + . .     SeeInvis .   a - +0 flail
rCold    + . .     Gourm    .   (no shield)
rNeg     . . .     Faith    .   k - +0 chain mail
rPois    .         Spirit   .   (no helmet)
rElec    .         Reflect  .   o - scarf {rC+ rF+}
rCorr    .         Harm     .   u - +0 pair of gloves
MR       .....                  (no boots)
Stlth    ..........             (no amulet)
Regen    0.2/turn               (no ring)
MPRegen  0.2/turn               (no ring)

@: no status effects
A: no striking features
a: Renounce Religion


You were on level 4 of the Dungeon.
You worshipped Beogh.
Beogh was noncommittal.
You were not hungry.

You visited 1 branch of the dungeon, and saw 4 of its levels.

You collected 133 gold pieces.

Inventory:

Hand Weapons
 a - a +0 flail (weapon)
   (You took it off an orc on level 3 of the Dungeon)
 b - a +0 hunting sling
   (You found it on level 1 of the Dungeon)
 t - a +0 blowgun
   (You took it off a kobold on level 3 of the Dungeon)
Missiles
 d - 21 poisoned needles
 j - 21 sling bullets
 m - 85 stones (quivered)
Armour
 k - a +0 chain mail (worn)
   (You found it on level 1 of the Dungeon)
 o - a scarf of resistance (worn)
   (You found it on level 2 of the Dungeon)
 u - a +0 pair of gloves (worn)
   (You found it on level 3 of the Dungeon)
Scrolls
 e - a scroll of recharging {unknown}
 i - 4 scrolls of identify {unknown}
 l - 2 scrolls of random uselessness {unknown}
 n - a scroll of remove curse
 q - a scroll of enchant weapon {unknown}
 r - 3 scrolls of teleportation
Potions
 g - a potion of invisibility {unknown}
 w - a potion of flight {unknown}
Books
 h - a book of Air
Comestibles
 c - 2 bread rations {@e1}
 f - a meat ration {@e2}
 p - 4 fruits
 v - a royal jelly


   Skills:
 - Level 3.7 Fighting
 + Level 4.9 Maces & Flails
 - Level 1.5 Dodging
 - Level 1.5 Stealth
 - Level 1.5 Spellcasting
 - Level 1.0 Conjurations
 - Level 2.4 Air Magic


You had 7 spell levels left.
You knew the following spells:

 Your Spells              Type           Power        Failure   Level  Hunger
a - Shock                 Conj/Air       #...         99%         1    ##.....


Dungeon Overview and Level Annotations

Branches:
Dungeon (4/15)
 Temple: D:4-7

Altars:
Gozag

Shops:
D:3 *


Message History

The adder bites you but does no damage.
You take 4 damage, and have 37/46 hp.
You closely miss the adder. The adder bites you but does no damage.
You miss the adder.
You feel sick. The adder bites you but does no damage. The adder bites you.
You take 4 damage, and have 33/46 hp.
You barely miss the adder. The adder bites you but does no damage.
You sock the adder! The adder bites you.
You are more poisoned.
The adder poisons you! The adder bites you but does no damage.
You take 1 damage, and have 33/46 hp.
You miss the adder.
You feel sick. The adder barely misses you.
You take 1 damage, and have 32/46 hp.
You hit the adder.
You kill the adder!
Beogh accepts your kill.
You thump the gnoll!
You feel sick. The gnoll hits you but does no damage.
You take 1 damage, and have 31/46 hp.
You closely miss the gnoll. The gnoll hits you with a whip.
You take 2 damage, and have 29/46 hp.
You sock the gnoll!
You kill the gnoll!
Beogh accepts your kill.
You feel sick.
d - 18 poisoned needles (gained 1)
Items here: )))) ††† You butcher the goblin corpse.
You feel sick.
s - 3 chunks of flesh {@w0}
Items here: )))) †† a whip; a dagger; a club; a whip; a gnoll corpse x2
You take 1 damage, and have 28/46 hp.
You butcher the gnoll corpse.
s - 5 chunks of flesh {@w0} (gained 2)
Items here: )))) ÷ † a whip; a dagger; a club; a whip; a gnoll corpse; a gnoll skeleton You butcher the gnoll corpse.
You feel sick.
s - 7 chunks of flesh {@w0} (gained 2)
Items here: )))) ÷÷ a whip; a dagger; a club; a whip; a gnoll skeleton x2
You start resting.
You feel sick. x2
You are no longer poisoned.
You take 1 damage, and have 27/46 hp.
You start resting.
Health restored: 46
Okay, then.
Items here: )))) ÷÷ a whip; a dagger; a club; a whip; a gnoll skeleton x2
d - 19 poisoned needles (gained 1)
d - 20 poisoned needles (gained 1)
d - 21 poisoned needles (gained 1) Some of the chunks of flesh in your inventory have rotted away.
An ooze comes into view.
The ooze quivers.
The ooze hits you but does no damage.
You hit the ooze but do no damage. The ooze hits you.
You take 3 damage, and have 43/46 hp.
Your chain mail prevents you from hitting the ooze.
The ooze hits you but does no damage.
You hit the ooze. The ooze hits you but does no damage.
You hit the ooze. The ooze barely misses you.
You sock the ooze!
You kill the ooze!
Beogh accepts your kill.
You have reached level 6!
Your experience leads to an increase in your attributes!
Increase (S)trength, (I)ntelligence, or (D)exterity?
You feel stronger.
You regained 6 hp, and now have 49/52 hp.
MP restored: 8
v - a royal jelly Done exploring.
Items here: )))) a whip; a dagger; a club; a whip Eating one of 2 chunks of flesh {@w0}.
You eat one of the 2 chunks of flesh {@w0}.
All of the chunks of flesh in your inventory have rotted away.
There is a stone staircase leading down here.
Health restored: 52 You climb downwards.
An ogre comes into view. It is wielding a giant club.
The ogre shouts!
There is a stone staircase leading up here.
You sock the ogre! The ogre hits you with a giant club!!
You take 21 damage, and have 31/52 hp.
MASSIVE DAMAGE!!
Okay, then.
You barely miss the ogre. The ogre hits you with a giant club.
You take 2 damage, and have 29/52 hp.
You hit the ogre. The ogre barely misses you.
Your chain mail prevents you from hitting the ogre.
You barely miss the ogre. The ogre hits you with a giant club!!
* * * LOW HITPOINT WARNING * * *
You take 19 damage, and have 10/52 hp.
MASSIVE DAMAGE!!
You hit the ogre. The ogre hits you with a giant club.
* * * LOW HITPOINT WARNING * * *
You take 4 damage, and have 6/52 hp.
You barely miss the ogre. The ogre hits you with a giant club!
You die...

#####
#...#
#...#
#...#
#...#
#..@#
#..O#
#...#
#...#
#...#
##...
....
..$.


You could see an ogre.

Vanquished Creatures
  An orc wizard (D:3)
  A worker ant (D:3)
  3 gnolls (D:3)
  6 adders
  An ooze (D:3)
  5 worms
  3 dart slugs (D:2)
  3 orcs (D:3)
  A ball python (D:2)
  A giant cockroach (D:3)
  5 goblins
  4 hobgoblins
  10 jackals
  2 quokkas (D:2)
  8 bats
  5 frilled lizards
  5 kobolds
  5 rats
69 creatures vanquished.

Vanquished Creatures (others)
  A hobgoblin (D:3)
  A frilled lizard (D:3)
2 creatures vanquished.

Grand Total: 71 creatures vanquished

Notes
Turn   | Place    | Note
-------+----------+-------------------------------------------
     0 | D:1      | grisnicke the Hill Orc Air Elementalist began the quest for the Orb.
     0 | D:1      | Reached XP level 1. HP: 14/14 MP: 3/3
   233 | D:1      | Reached skill level 1 in Fighting
   272 | D:1      | Reached skill level 2 in Fighting
   272 | D:1      | Reached XP level 2. HP: 24/24 MP: 0/4
   987 | D:2      | Reached skill level 3 in Fighting
  1165 | D:2      | Reached XP level 3. HP: 8/31 MP: 2/5
  1847 | D:2      | Reached skill level 1 in Maces & Flails
  2125 | D:2      | Reached XP level 4. HP: 40/40 MP: 6/6
  2181 | D:2      | Reached skill level 2 in Maces & Flails
  2637 | D:3      | Found a faded altar of an unknown god.
  2769 | D:3      | Found Gozag's Platinum Reserve.
  2770 | D:3      | Found an opulent altar of Gozag.
  3011 | D:3      | Reached skill level 3 in Maces & Flails
  3011 | D:3      | Reached XP level 5. HP: 14/46 MP: 7/7
  3241 | D:3      | HP: 5/46 [orc priest/divine providence (13)]
  3242 | D:3      | Became a worshipper of Beogh the Brigand
  3694 | D:3      | Reached skill level 4 in Maces & Flails
  4382 | D:3      | Reached XP level 6. HP: 49/52 MP: 8/8
  4429 | D:4      | HP: 10/52 [ogre/giant club (19)]
  4431 | D:4      | Slain by an ogre

Skill      XL: |  1  2  3  4  5 |
---------------+----------------+-----
Fighting       | 2 3 |  3.7
Maces & Flails | 1 3 4 |  4.9
Dodging        | |  1.5
Stealth        | |  1.5
Spellcasting   | |  1.5
Conjurations   | |  1.0
Air Magic      | |  2.4

Action                   |  1- 3 |  4- 6 || total
-------------------------+-------+-------++-------
Melee: Dagger            |    46 |       ||    46
       Mace              |     5 |    20 ||    25
       Flail             |       |   138 ||   138
 Fire: Hunting sling     |    49 |    19 ||    68
       Blowgun           |       |     8 ||     8
Throw: Stone             |     1 |     3 ||     4
 Cast: Shock             |    40 |     9 ||    49
Invok: Convert to Beogh  |       |     1 ||     1
  Use: Scroll            |       |     2 ||     2
  Eat: Chunk             |     4 |     9 ||    13
Armor: Robe              |     5 |     8 ||    13
       Chain mail        |       |   100 ||   100
Dodge: Dodged            |    36 |    57 ||    93

Vault maps used:
D:1:      lemuel_arrival_rhombus
D:3:      chequers_ecumenical_altar_simple_redux,
          nicolae_gozag_zags_fifth_avenue
D:4:      first_bread, bloody_makhleb, uniq_natasha

Table legend:
 A = Turns spent in this place as a percentage of turns spent in the entire game.
 B = Non-inter-level travel turns spent in this place as a percentage of non-inter-level travel turns spent in the entire game.
 C = Inter-level travel turns spent in this place as a percentage of turns spent in this place.
 D = Turns resting spent in this place as a percentage of non-inter-level travel turns spent in this place.
 E = Turns spent auto-exploring this place as a percentage of non-inter-level travel turns spent in this place.
 F = Non-inter-level travel turns spent in this place divided by the number of levels of this place that you've seen.
                   A       B       C       D       E      F
               +-------+-------+-------+-------+-------+----------------------
         Total | 100.0 | 100.0 |   0.5 |   4.5 |   3.4 | 313.8
       Dungeon | 100.0 | 100.0 |   0.5 |   4.5 |   3.4 | 313.8
               +-------+-------+-------+-------+-------+----------------------

Table legend:
 A = Kills in this place as a percentage of kills in entire the game.
 B = Kills by you in this place as a percentage of kills by you in the entire game.
 C = Kills by friends in this place as a percentage of kills by friends in the entire game.
 D = Other kills in this place as a percentage of other kills in the entire game.
 E = Experience gained in this place as a percentage of experience gained in the entire game.
 F = Experience gained in this place divided by the number of levels of this place that you have seen.
                   A       B       C       D       E      F
               +-------+-------+-------+-------+-------+----------------------
         Total | 100.0 | 100.0 |  -nan |  -nan | 100.0 |  81.0
       Dungeon | 100.0 | 100.0 |  -nan |  -nan | 100.0 |  81.0
               +-------+-------+-------+-------+-------+----------------------
